 Dungeon Crawl Stone Soup version 0.29-a0-824-gd827844252 (webtiles) character file.

Game seed: 9812815939810296811

138 greenreed the Covered (level 5, 0/47 HPs)
             Began as a Minotaur Fighter on July 11, 2022.
             Slain by Sigmund
             ... wielding a +0 scythe
              (7 damage)
             ... on level 2 of the Dungeon.
             The game lasted 00:02:56 (1739 turns).

greenreed the Covered (Minotaur Fighter)            Turns: 1739, Time: 00:02:57

Health: 0/47       AC:  8    Str: 23    XL:     5   Next: 1%
Magic:  4/4        EV:  9    Int:  5    God:
Gold:   91         SH:  4    Dex:  9    Spells: 4/4 levels left

rFire   . . .      SeeInvis .   p - +1 flail (holy)
rCold   . . .      Faith    .   c - +0 buckler
rNeg    . . .      Spirit   .   b - +0 scale mail
rPois   .          Reflect  .   (helmet restricted)
rElec   .          Harm     .   (no cloak)
rCorr   .          Rampage  .   (no gloves)
Will    .....                   e - +0 pair of boots
Stlth   ..........              (no amulet)
HPRegen 0.15/turn               (no ring)
MPRegen 0.09/turn               (no ring)

@: mighty
A: horns 2, retaliatory headbutt
a: no special abilities


You were on level 2 of the Dungeon.
You visited 1 branch of the dungeon, and saw 2 of its levels.

You collected 91 gold pieces.

Inventory:

Hand Weapons
 a - a +0 flail
 p - a +1 flail of holy wrath (weapon)
Armour
 b - a +0 scale mail (worn)
 c - a +0 buckler (worn)
 e - a +0 pair of boots (worn)
Scrolls
 f - a scroll of fear {unknown}
 h - 5 scrolls of identify {unknown}
 i - a scroll of blinking {unknown}
 j - a scroll of summoning {unknown}
 k - a scroll of vulnerability {unknown}
 l - 4 scrolls of amnesia {unknown}
 m - 2 scrolls of teleportation {unknown}
 o - 2 scrolls of enchant weapon {unknown}
Potions
 g - a potion of degeneration {unknown}
 n - a potion of brilliance {unknown}
 q - a potion of flight {unknown}
 r - a potion of ambrosia {unknown}
 s - a potion of resistance {unknown}


   Skills:
 + Level 4.5 Fighting
 + Level 4.2 Maces & Flails
 + Level 4.6 Armour
 + Level 0.4 Dodging
 + Level 4.1 Shields


You had 4 spell levels left.
You didn't know any spells.
Your spell library contained the following spells:

 Spells                   Type           Power      Damage    Failure   Level
 Slow                     Hex            0%         N/A       86%         1
 Blink                    Tloc           0%         N/A       95%         2
 Confusing Touch          Hex            0%         N/A       99%         3
 Vampiric Draining        Necr           0%         2d6       99%         3
 Manifold Assault         Tloc           0%         N/A       100%        5
 Storm Form               Tmut/Air       0%         N/A       100%        7


Dungeon Overview and Level Annotations

Branches:
Dungeon (2/15)

Altars:

Annotations:
D:2 Sigmund


Innate Abilities, Weirdness & Mutations

You have a pair of horns on your head.
You reflexively headbutt those who attack you in melee.


Message History

Sigmund gestures at you while chanting. The magic dart hits you.
You barely miss Sigmund. Your headbutt misses Sigmund.
You block Sigmund's attack.
You closely miss Sigmund. Sigmund hits you but does no damage.
You hit Sigmund but do no damage. Your headbutt misses Sigmund.
Sigmund hits you with a +0 scythe.
You thump Sigmund!
Sigmund is moderately wounded.
You block Sigmund's attack.
You barely miss Sigmund.
Sigmund is moderately wounded.
You thump Sigmund! Your headbutt misses Sigmund.
Sigmund is heavily wounded.
Sigmund gestures at you while chanting. You resist with some effort.
You block Sigmund's attack.
You sock Sigmund!
Sigmund is almost dead.
You closely miss Sigmund.
Sigmund is almost dead.
Sigmund gestures wildly while chanting.
Sigmund flickers and vanishes!
Deactivating autopickup; reactivate with Ctrl-A.
You hear some strange, mumbled words.
A magic dart appears from out of thin air!
The magic dart hits you.
You miss something. Something hits you.
You hit something but do no damage. Something hits you.
You miss something. You barely miss something. Something hits you!
* * * LOW HITPOINT WARNING * * *
You closely miss something. Something hits you.
* * * LOW HITPOINT WARNING * * *
You feel very mighty all of a sudden. Something hits you.
* * * LOW HITPOINT WARNING * * *
You miss something. You block something's attack.
You closely miss something. You closely miss something.
Your headbutt misses something. Something hits you!
You die...

#.......#####...##
#.....### ##.##
###...# #.# ##.##
#.# ####.# ##'##
#....# ##...##
#.#### ##.....#
#.# ##....... #@#
###........
#{.......'........
#.#...####........
#.##.## ##.......
#.. ... ##.....#
#.. ..# ##...##
#.. .# ##'## ##..
.# #.# #.#


There were no monsters in sight!

Vanquished Creatures
  Jessica (D:2)
  3 gnolls (D:2)
  3 adders (D:2)
  A worm (D:2)
  2 dart slugs (D:1)
  4 orcs (D:2)
  2 ball pythons
  3 bats
  2 endoplasms (D:1)
  3 giant cockroaches
  4 goblins (D:1)
  2 hobgoblins
  2 jackals (D:1)
  3 quokkas (D:2)
  4 frilled lizards (D:2)
  6 kobolds
  3 rats
48 creatures vanquished.

Notes
Turn   | Place    | Note
-------+----------+-------------------------------------------
     0 | D:1      | greenreed the Minotaur Fighter began the quest for the Orb.
     0 | D:1      | Reached XP level 1. HP: 19/19 MP: 0/0
    91 | D:1      | Reached XP level 2. HP: 25/27 MP: 1/1
   808 | D:2      | Reached XP level 3. HP: 34/34 MP: 2/2
   814 | D:2      | Noticed Jessica
   816 | D:2      | Killed Jessica
   967 | D:2      | Reached XP level 4. HP: 41/41 MP: 3/3
  1532 | D:2      | Identified the +8 plate armour "Safo" {*Slow rPois rCorr}
  1639 | D:2      | Reached XP level 5. HP: 47/47 MP: 4/4
  1718 | D:2      | Noticed Sigmund
  1739 | D:2      | Slain by Sigmund

Illustrated notes

Levels and vault maps discovered:
D:1:      elethiomel_arrival_infinity_welcomes_careful_drivers, layout_basic
D:2:      layout_loops_corners, serial_bayou_pond_d, uniq_sigmund, uniq_jessica

Skill      XL: |  1  2  3  4 |
---------------+-------------+-----
Fighting       | 4 |  4.5
Maces & Flails | 3 4 |  4.2
Armour         | 4 |  4.6
Shields        | 4 |  4.1
Dodging        | |  0.4

Action                   |  1- 3 |  4- 6 || total
-------------------------+-------+-------++-------
Melee: Flail             |    57 |    73 ||   130
       Headbutt          |     5 |     5 ||    10
  Use: Potion            |       |     1 ||     1
Armor: Scale mail        |    29 |    18 ||    47
Dodge: Dodged            |    33 |    24 ||    57
Block: Buckler           |     7 |    18 ||    25

Table legend: (Time is in decaauts)
 A = Elapsed time spent in this place.
 B = Non-inter-level travel time spent in this place.
 C = Inter-level travel time spent in this place.
 D = Time resting spent in this place.
 E = Time spent auto-exploring this place.
 F = Levels seen in this place.
 G = Mean time per level.
                   A        B        C        D        E       F      G
               +--------+--------+--------+--------+--------+-----+--------+
         Total |   1773 |   1761 |     12 |      0 |   1442 |   2 |  886.5 |
       Dungeon |   1773 |   1761 |     12 |      0 |   1442 |   2 |  886.5 |
               +--------+--------+--------+--------+--------+-----+--------+

Top non-repeatable levels by time:
     D:2: 962 daAuts
     D:1: 811 daAuts
